 Dungeon Crawl Stone Soup version 0.19-a0-277-g85cb9a5 (webtiles) character file.

52 Kilingo the Charmwright (level 3, 0/24 HPs)
             Began as a High Elf Skald on May 26, 2016.
             Slain by a gnoll
             ... wielding a +0 flail
              (14 damage)
             ... on level 2 of the Dungeon.
             The game lasted 00:19:44 (1597 turns).

Kilingo the Charmwright (High Elf Skald)            Turns: 1597, Time: 00:19:44

Health: 0/24       AC:  5    Str: 12    XL:     3   Next: 60%
Magic:  0/7        EV: 12    Int: 15    God:
Gold:   92         SH:  0    Dex: 15    Spells: 3 memorised, 1 level left

rFire  . . .     SeeInvis .     a - +0 falchion
rCold  + . .     Gourm    .     h - +1 leather armour
rNeg   . . .     Faith    .     (no shield)
rPois  .         Spirit   .     (no helmet)
rElec  .         Dismiss  .     (no cloak)
rCorr  .         Reflect  .     (no gloves)
SustAt .         Harm     .     k - +0 pair of boots
MR     .....                    (no amulet)
Stlth  ++........               (no ring)
                                e - ring of protection from cold

@: infused (expiring), not resistant to hostile enchantments, unstealthy
A: no striking features
a: no special abilities


You were on level 2 of the Dungeon.
You were not hungry.

You visited 1 branch of the dungeon, and saw 2 of its levels.

You collected 92 gold pieces.

Inventory:

Hand Weapons
 a - a +0 falchion (weapon)
 b - a +0 dagger
Armour
 h - a +1 leather armour (worn)
 k - a +0 pair of boots (worn)
Jewellery
 e - a ring of protection from cold (left hand)
 l - an uncursed ring of flight
Scrolls
 j - 2 scrolls of remove curse
 m - 2 scrolls of blinking {unknown}
Books
 c - a book of Battle

   Spells                             Type                      Level
   a - Infusion                       Charms                       1
   b - Shroud of Golubria             Charms/Translocation         2
   c - Song of Slaying                Charms                       2
   d - Spectral Weapon                Hexes/Charms                 3
   e - Regeneration                   Charms/Necromancy            3
Comestibles
 d - a bread ration
 g - a beef jerky
 i - a meat ration


   Skills:
 - Level 2.0 Fighting
 - Level 2.4 Long Blades
 - Level 1.0 Throwing
 - Level 2.0 Armour
 - Level 2.1 Dodging
 - Level 1.0 Stealth
 - Level 2.4 Spellcasting
 - Level 3.6 Charms
 + Level 0.9 Translocations


You had one spell level left.
You knew the following spells:

 Your Spells              Type           Power        Failure   Level  Hunger
a - Infusion              Chrm           ##..         8%          1    #......
b - Shroud of Golubria    Chrm/Tloc      #.........   21%         2    ###....
c - Song of Slaying       Chrm           ##......     12%         2    ###....


Dungeon Overview and Level Annotations

Branches:
Dungeon (2/15)

Altars:


Message History

You barely miss the gnoll.
The gnoll is lightly wounded.
You hit the gnoll.
The gnoll is moderately wounded.
The gnoll closely misses you.
You slash the gnoll!
You kill the gnoll!
You hit the gnoll.
The gnoll is heavily wounded.
Your magical infusion is running out.
Your shroud bends the gnoll's attack away!
You barely miss the gnoll.
The gnoll is heavily wounded.
The gnoll hits you with a flail.
You hit the gnoll.
The gnoll is heavily wounded.
Your shroud begins to fray at the edges.
The gnoll hits you with a flail!
Ouch! That really hurt!
You die...

###. #.# #
#.# #.###
#...#
###.# #.#
#.# #.#
#@#
########g#
#(....(..#
#(########


You could see a gnoll.

Vanquished Creatures
  2 gnolls (D:2)
  2 dart slugs (D:1)
  3 giant geckos (D:1)
  A giant cockroach (D:1)
  3 goblins (D:1)
  A hobgoblin (D:1)
  6 kobolds (D:1)
  2 bats (D:1)
  2 giant newts (D:1)
  5 rats
27 creatures vanquished.

Vanquished Creatures (others)
  A plant (D:1)
1 creature vanquished.

Grand Total: 28 creatures vanquished

Notes
Turn   | Place    | Note
--------------------------------------------------------------
     0 | D:1      | Kilingo the High Elf Skald began the quest for the Orb.
     0 | D:1      | Reached XP level 1. HP: 14/14 MP: 4/4
   119 | D:1      | Reached skill level 1 in Throwing
   152 | D:1      | Reached skill level 1 in Armour
   272 | D:1      | Reached skill level 1 in Stealth
   509 | D:1      | Reached XP level 2. HP: 14/19 MP: 3/6
   522 | D:1      | Learned a level 2 spell: Shroud of Golubria
   996 | D:1      | Reached XP level 3. HP: 18/24 MP: 7/7
  1000 | D:1      | Learned a level 2 spell: Song of Slaying
  1597 | D:2      | Slain by a gnoll

Vault maps used:
D:1:      lightli_arrival_quake, roderic_chinese_pattern_swastika,
          lexackson_kobold_supper
D:2:      lemuel_crystal_altar

Skill      XL: |  1  2  3 |
---------------+----------+-----
Throwing       | 1 |  1.0
Armour         | 1 2 |  2.0
Stealth        | 1 |  1.0
Dodging        | 2 |  2.1
Fighting       | |  2.0
Long Blades    | |  2.4
Spellcasting   | |  2.4
Charms         | |  3.6
Translocations | |  0.9

Action                   || total
-------------------------++-------
Melee: Falchion          ||    66
       Dagger            ||     1
Throw: Tomahawk          ||    11
 Cast: Infusion          ||     7
       Shroud of Golubri ||     3
  Use: Scroll            ||     4
 Stab: Sleeping          ||     1
  Eat: Chunk             ||     2
Armor: Leather armour    ||    26
Dodge: Dodged            ||    57
